 Dungeon Crawl Stone Soup version 0.27.1 (webtiles) character file.

Game seed: 14101915787067653770

1140 viper the Chopper (level 8, -3/66 HPs)
             Began as a Palentonga Fighter on Aug 29, 2021.
             Slain by a wyvern (7 damage)
             ... on level 6 of the Dungeon.
             The game lasted 00:06:56 (3872 turns).

viper the Chopper (Palentonga Fighter)              Turns: 3872, Time: 00:06:56

Health: -3/66      AC: 15    Str: 23    XL:     8   Next: 14%
Magic:  8/8        EV:  8    Int:  8    God:
Gold:   172        SH:  9    Dex:  9    Spells: 7/7 levels left

rFire    x . .     SeeInvis +   a - +0 war axe
rCold    + . .     Faith    .   c - +0 kite shield
rNeg     . . .     Spirit   .   i - +0 chain mail
rPois    .         Reflect  .   (no helmet)
rElec    .         Harm     .   (no cloak)
rCorr    .         Rampage  .   (no gloves)
Will     .....                  (no barding)
Stlth    ..........             j - amulet of regeneration
HPRegen  1.21/turn              e - +4 ring of evasion
MPRegen  0.11/turn              g - ring of ice

@: curled up
A: large, rugged brown scales 3, see invisible, deformed body, roll 1, armoured
tail, reflexive curl
a: Rolling Charge


You were on level 6 of the Dungeon.
You visited 1 branch of the dungeon, and saw 6 of its levels.

You collected 172 gold pieces.

Inventory:

Hand Weapons
 a - a +0 war axe (weapon)
Armour
 b - a +0 scale mail
 c - a +0 kite shield (worn)
 i - a +0 chain mail (worn)
Jewellery
 e - a +4 ring of evasion (left hand)
 g - a ring of ice (right hand)
 j - an amulet of regeneration (around neck)
 k - a ring of positive energy
Scrolls
 f - 2 scrolls of identify
Potions
 d - a potion of might
 m - a potion of invisibility


   Skills:
 + Level 5.1 Fighting
 + Level 6.4 Axes
 + Level 4.0 Armour
 + Level 1.3 Dodging
 + Level 0.1 Stealth
 + Level 4.1 Shields


You had 7 spell levels left.
You didn't know any spells.
Your spell library contained the following spells:

 Spells                   Type           Power      Damage    Failure   Level
 Animate Dead             Necr           0%         N/A       100%        4
 Bolt of Magma            Conj/Fire/Erth 0%         4d4       100%        5


Dungeon Overview and Level Annotations

Branches:
Dungeon (6/15)
 Temple: D:4-7

Altars:

Shops:
D:3 (


Innate Abilities, Weirdness & Mutations

You are completely covered in rugged brown scales. (AC +3, +7% HP)
You have supernaturally acute eyesight. (SInv)
Armour fits poorly on your strangely shaped body.
You can roll at nearby foes to attack.
You have a long armoured tail.
You curl defensively after being hit.


Message History

You are too injured to fight recklessly!
You are too injured to fight recklessly!
You are too injured to fight recklessly!
You are too injured to fight recklessly!
You are too injured to fight recklessly!
You are too injured to fight recklessly!
You are too injured to fight recklessly!
You are too injured to fight recklessly!
You are too injured to fight recklessly!
You are too injured to fight recklessly!
You are too injured to fight recklessly!
You are too injured to fight recklessly!
You are too injured to fight recklessly!
You are too injured to fight recklessly!
You feel better. You block the adder's attack.
You block the white imp's attack. The wyvern barely misses you.
The adder bites you.
You feel better. The wyvern bites you! You block the white imp's attack.
The adder bites you but does no damage.
The wyvern bites you but does no damage.
Okay, then.
The adder bites you but does no damage. You block the wyvern's attack.
The wyvern bites you. The white imp gestures at you.
The puff of frost hits you. You resist. The wyvern bites you!
* * * LOW HITPOINT WARNING * * *
You feel better.
The wyvern bites you but does no damage.
The wyvern bites you!
* * * LOW HITPOINT WARNING * * *
Okay, then.
You hit the adder.
The adder is lightly wounded.
You hit the wyvern but do no damage. The wyvern bites you!
* * * LOW HITPOINT WARNING * * *
The adder bites you but does no damage. You block the wyvern's attack.
The adder barely misses you. The wyvern bites you!
You die...

. ######..>............##
#...##.....................#
#........................##
#..####.................## #
##..................#
##..................##
..#...................# #...
#......<.............##
#.... ##............@.....##
#..... ##...........l....##
#...... ###.........S....#
....... ##........5..###
##.......
##............###........
##.......###............
#...##### ##........... ##..
##.......... #. #..........


You could see a wyvern, an adder and a white imp.

Vanquished Creatures
  A water moccasin (D:5)
  A sky beast (D:5)
  A black bear (D:5)
  3 ice beasts
  An ogre (D:4)
  2 scorpions
  A hound (D:5)
  A jelly (D:4)
  A gnoll shaman (D:5)
  An orc priest (D:5)
  A centaur skeleton (D:5)
  An iguana (D:4)
  An orc wizard (D:5)
  3 gnolls (D:5)
  6 adders
  An ufetubus (D:4)
  2 worms
  4 dart slugs
  9 orcs
  5 ball pythons
  7 bats
  9 endoplasms
  5 giant cockroaches
  8 goblins
  3 hobgoblins
  A quokka (D:3)
  4 frilled lizards
  7 kobolds
  4 rats
94 creatures vanquished.

Notes
Turn   | Place    | Note
-------+----------+-------------------------------------------
     0 | D:1      | viper the Palentonga Fighter began the quest for the Orb.
     0 | D:1      | Reached XP level 1. HP: 19/19 MP: 1/1
   100 | D:1      | Reached XP level 2. HP: 25/25 MP: 2/2
   528 | D:1      | Found a faded altar of an unknown god.
  1136 | D:2      | Reached XP level 3. HP: 12/31 MP: 3/3
  1835 | D:3      | Found Dept's Antique Weapon Emporium.
  2027 | D:3      | Noticed an ice beast
  2041 | D:2      | Reached XP level 4. HP: 38/39 MP: 4/4
  2069 | D:3      | Killed an ice beast
  2070 | D:3      | Reached skill level 3 in Axes
  2070 | D:3      | Reached XP level 5. HP: 44/44 MP: 5/5
  2492 | D:4      | Noticed an ogre
  2501 | D:4      | Killed an ogre
  2542 | D:4      | Reached XP level 6. HP: 51/51 MP: 6/6
  2596 | D:4      | Reached skill level 4 in Axes
  2681 | D:4      | Got the Papyrus of Doomed Fire
  2817 | D:4      | Reached skill level 1 in Dodging
  3144 | D:5      | Entered Level 5 of the Dungeon
  3313 | D:5      | Noticed a sky beast
  3330 | D:5      | Killed a sky beast
  3331 | D:5      | Reached skill level 5 in Axes
  3331 | D:5      | Gained mutation: You curl defensively after being hit.
                  | [Palentonga growth]
  3331 | D:5      | Reached XP level 7. HP: 38/58 MP: 7/7
  3682 | D:5      | Reached skill level 5 in Fighting
  3682 | D:5      | Reached skill level 6 in Axes
  3756 | D:5      | Reached XP level 8. HP: 57/66 MP: 8/8
  3871 | D:6      | HP: 3/66 [wyvern (14)]
  3872 | D:6      | Slain by a wyvern

Illustrated notes

Levels and vault maps discovered:
D:1:      lightli_arrival_isolated_outpost, layout_basic,
          shapermc_ecumenical_altar_notcrosses
D:2:      layout_rooms
D:3:      layout_rooms, serial_shops, nicolae_diamond_shop, grunt_decor_clamped
D:4:      layout_gridville, minmay_curled_crystal, minmay_diced_spiral
D:5:      layout_loops_ring
D:6:      layout_cave_pods, minmay_temple_entry_drinking_statues,
          kennysheep_big_empty_room

Skill      XL: |  1  2  3  4  5  6  7 |
---------------+----------------------+-----
Shields        | 3 4 |  4.1
Axes           | 3 5 6 |  6.4
Armour         | 3 4 |  4.0
Fighting       | 4 5 |  5.1
Dodging        | 1 |  1.3
Stealth        | |  0.1

Action                   |  1- 3 |  4- 6 |  7- 9 || total
-------------------------+-------+-------+-------++-------
Melee: War axe           |   122 |   148 |    76 ||   346
       Tailslap          |    10 |    23 |    12 ||    45
  Use: Potion            |     3 |     2 |     3 ||     8
       Scroll            |       |     2 |     1 ||     3
 Stab: Invisible         |       |     1 |       ||     1
Armor: Scale mail        |    81 |       |       ||    81
       Skin              |     3 |       |       ||     3
       Chain mail        |     2 |    63 |    39 ||   104
Dodge: Dodged            |    31 |    54 |    29 ||   114
Block: Kite shield       |    82 |    72 |    47 ||   201
